← All builds
Tech / Armada / Economy first / OBSERVED BUILD

Standard tech

Armada Tech (Eco) build order · Supreme Isthmus

Rushes T2 by 4:15, gets Advanced Metal Extractor around 5:28, hands off T2 constructors to Geo and the team, then scales eco and supplies the team's T2 needs through the rest of the game.

Usually first T2 con to Geo (83%)

#eco #t2 #team support · 1579 distinct matches · 255 players · 58% of Armada Tech games · team won 53% of 1874 · Recently observed

HOW TO PLAY IT

Key timing: T2 factory by 4:15

  1. Open 3 mex and heavy wind to fund a fast T2 rush.
  2. Put down Bot Lab, planning to eat it for reclaim soon after.
  3. Get Advanced Bot Lab up, hitting the T2 factory rush timing.
  4. Upgrade mex to Advanced Metal Extractor to lock in team metal income.
  5. Eat Advanced Bot Lab and keep sending cons to Geo and Pond.

Phase by phase

TYPICAL OF ITS 1579 GAMES
  1. 1
  2. 2
  3. 3
  4. 4
PLAY THE OPENING

Follow the example game's first 6:00 step by step: what to build now, what comes next, and where it goes. At 1× it keeps pace with your own game.

  1. 1

    Up to the Bot Lab

    Economy
    • Metal Extractor3Mex
    • Wind Turbine4Wind
    Order
    1. Bot LabBot Lab after 3 mex, 4 winddone ~1:18, middle half 1:13–1:32

    Some games also: energy storage (31%)

    By 1:01 in all: 3 mex · 4 wind

    The example game in this phase · 4 steps
    1. Mex ×3
    2. Wind ×4
    3. Energy storage
    4. Bot LabBot Labdone 1:28 · typical 1:18
  2. 2

    Bot Lab to Advanced Bot Lab

    Economy
    • Metal Extractor1Mex
    • Wind Turbine8Wind
    • Energy Storage1Energy storage
    Order
    1. Advanced Bot LabAdvanced Bot Lab after 4 mex, 12 wind, 3 con turretdone ~4:16, middle half 4:04–4:30
    Builders
    • Construction Turret3 Con turret
    • Lazarus3 Lazarus
    • Construction Bot2 Con bot
    • Construction Bot1 Con bot for allies

    Some games also: converter (36%)

    By 3:18 in all: 4 mex · 12 wind · 1 energy storage · 3 con turret

    The example game in this phase · 16 steps
    1. Construction BotCon bot
    2. TickTick
    3. Construction BotCon bot
    4. LazarusLazarus ×2
    5. Construction BotCon botfor Air
    6. LazarusLazarus
    7. Mex
    8. Wind
    9. Construction BotCon bot
    10. Wind ×3
    11. Con turret
    12. Bot LabEat Bot Labreclaimed for its metal
    13. Wind
    14. Con turret
    15. Converter
    16. Advanced Bot LabAdvanced Bot Labdone 4:11 · typical 4:16
  3. 3

    Advanced Bot Lab to 5:00

    Economy
    • Wind Turbine3Wind
    Order
    1. Bot LabEat Bot Lab
    Builders
    • Advanced Construction Bot1 T2 con bot for allies

    Some games also: converter (35%)

    By 5:00 in all: 4 mex · 15 wind · 1 converter · 1 energy storage · 3 con turret

    The example game in this phase · 6 steps
    1. Converter ×2
    2. Wind ×4
    3. Advanced Construction BotT2 con botfor Geo
    4. Wind ×6
    5. Advanced Construction BotT2 con botfor Pond
    6. Wind
  4. 4

    5:00 to 10:00

    Economy
    • Wind Turbine43Wind
    • Energy Converter6Converter
    Builders
    • Butler9 Butler
    • Advanced Construction Bot4 T2 con bot for allies
    • Advanced Construction Bot1 T2 con bot

    Some games also: con turret (43%) · Butler for allies (36%)

    By 10:00 in all: 4 mex · 58 wind · 8 converter · 1 energy storage · 3 con turret

    The example game in this phase · 143 steps
    1. Wind ×2
    2. Advanced Construction BotT2 con botfor Air
    3. Wind ×2
    4. Advanced Metal ExtractorT2 mex ×4done 6:14 · typical 5:29
    5. ButlerButler
    6. GunslingerGunslingerfor Suicide frontdone 7:06
    7. ButlerButler
    8. SharpshooterSniper botdone 7:53
    9. ButlerButler ×2
    10. Advanced Construction BotT2 con botfor Geo sea
    11. Wind ×2
    12. ButlerButler
    13. Wind ×2
    14. ButlerButler
    15. Wind
    16. ButlerButler
    17. Wind ×2
    18. ButlerButler
    19. Wind ×2
    20. Converter
    21. Wind
    22. Advanced Construction BotT2 con botfor Beach sea
    23. Wind ×3
    24. Converter
    25. Wind ×2
    26. ButlerButler
    27. Wind ×4
    28. Converter
    29. ButlerButler
    30. Wind ×6
    31. Converter
    32. ButlerButler
    33. Wind ×7
    34. ButlerButler
    35. Converter
    36. Wind ×4
    37. ButlerButler
    38. Wind ×3
    39. Converter
    40. Wind ×4
    41. ButlerButler
    42. Wind ×4
    43. Converter
    44. Con turret
    45. Advanced Construction BotT2 con bot
    46. Wind ×7
    47. Converter
    48. Wind ×5
    49. Con turret
    50. Wind ×4
    51. ArchangelArchangeldone 11:07
    52. Converter
    53. Wind ×6
    54. ArchangelArchangel
    55. Converter
    56. Wind
    57. Con turret
    58. Wind ×5
    59. NettleNettle ×2
    60. Wind ×4
    61. Converter
    62. Wind
    63. ArchangelArchangel
    64. NettleNettle
    65. Wind ×4
    66. NettleNettle
    67. Wind ×4
    68. Converter
    69. Wind ×2
    70. ArchangelArchangel
    71. Wind ×6
    72. Converter
    73. ArchangelArchangel
    74. Wind ×7
    75. Converter
    76. Advanced Construction BotT2 con bot
    77. Wind ×3
    78. Con turret
    79. Wind ×4
    80. Converter
    81. Wind ×3
    82. Con turret
    83. Wind ×5
    84. Fusion ReactorFusiondone 13:10
    85. Wind
    86. Converter
    87. Wind ×4
    88. Con turret
    89. Wind ×3
    90. Converter
    91. Wind ×8
    92. Converter
    93. Wind ×5
    94. Converter
    95. T2 converter
    96. Wind
    97. Converter
    98. Wind
    99. Advanced Bot LabEat Advanced Bot Labreclaimed for its metal
    100. Wind
    101. Converter
    102. Wind ×3
    103. T2 converter
    104. Wind ×2
    105. Converter
    106. Wind ×5
    107. T2 converter
    108. Wind ×4
    109. Converter
    110. Wind ×2
    111. Fusion ReactorFusion
    112. Wind ×4
    113. Converter
    114. Wind ×9
    115. Converter
    116. Wind ×6
    117. Converter
    118. Wind ×6
    119. Con turret
    120. Wind ×3
    121. Converter
    122. Wind ×5
    123. Con turret
    124. Wind ×4
    125. Converter
    126. Wind ×6
    127. Con turret
    128. Wind
    129. Converter
    130. Wind
    131. Con turret
    132. Wind ×4
    133. Converter
    134. Wind ×7
    135. Converter
    136. TracerTracer
    137. Wind ×3
    138. CitadelAnti-nukenot finished by 15:00
    139. Wind ×4
    140. T2 converter
    141. Wind
    142. Converter
    143. Wind ×3

Counts are medians over the build's games: half of them build more, half fewer. The example game is Jockeljkl's (30 OS, 20/09/2026); pick another.

Team trades

IN AT LEAST 30% OF ITS GAMES

You hand over

  • Construction Bot1 Con bot to Airfirst at 2:23 · in 84% of games
  • Advanced Construction Bot5 T2 con bot to Air or Geo sea or Pondfirst at 4:50 · in 99% of games
  • Butler2 Butler to Geo sea or Beach sea or Pondfirst at 9:07 · in 42% of games

You get

  • Hercules1 Light transport from Airfirst at 4:01 · in 86% of games

How it plays out

Typical game of this build, running totals by minute

Metal produced

020k40k
0:005:0010:0015:00

metal

Enemy metal destroyed

050100
0:005:0010:0015:00

metal

Own metal lost

050100150
0:005:0010:0015:00

metal

1874 games.

Show as table
ByMetal produced: This buildEnemy metal destroyed: This buildOwn metal lost: This build
1:0038300
2:0091500
3:00165100
4:00314400
5:00484700
6:00580000
7:00722700
8:00906100
9:001117300
10:001350300
11:001624200
12:001965600
13:002344500
14:0027362073
15:003154285130
WHAT THE NUMBERS SAY

Standard Tech play barely fights at all early, instead pouring metal into T2 infrastructure and constructors for the team.

  • + Metal produced hits 31679 by 15:00, by far the highest of any role here.
  • + T2 factory reached in 97% of games by 4:15, fastest and most reliable T2 timing.
  • − Enemy metal destroyed stays at 0 through 10:00, no early offense at all.
  • − Own metal lost also near 0, showing total avoidance of combat risk.
THE EXAMPLE YOU ARE READING

Jockeljkl

30.0 OS · 20/09/2026

Open source match ↗

1 received units
5921 metal received · 83485 energy received

Allied construction assistance is unknown. Timings are observations, not a promise of solo reproducibility.

Typical milestones

Bot Lab1:18Middle 50%: 1:13–1:32 · n=1874
Advanced Bot Lab4:16Middle 50%: 4:04–4:30 · n=1867
Advanced Metal Extractor5:29Middle 50%: 5:05–5:59 · n=1870

Played most by

Amrissa93games of this buildTheGeneraI66games of this buildAdeus57games of this buildEl_Turco56games of this buildKOT_43games of this build